Map: Beckett Industries LE

Players

TerranYOUup - Winner!

  • Race: Terran Terran
  • League: Master

THEBLOB

  • Race: Protoss Protoss
  • League: Master

VOD

Have the link to the VOD?

Description

Time

  • Played on: July 22, 2021, 11:54 a.m.
  • Length: 18:15
Show
View Real Time Build Order
Export as new Build Order

TerranYOUup Terran - Winner!

Build Orders: 2 Factory, Command Center First (CC) 

Get SALT Encoding   

  12  0:00  SCV  
  13  0:13  SCV  
  14  0:17  Supply Depot  
  14  0:25  SCV  
  15  0:39  SCV  
  16  0:51  SCV  
  17  1:00  Command Center  
  17  1:04  SCV  
  18  1:16  SCV  
  19  1:19  Barracks  
  19  1:28  Barracks  
  19  1:39  SCV  
  20  1:51  SCV  
  21  2:01  Refinery  
  21  2:02  Refinery  
  21  2:06  Orbital Command  
  21  2:07  Marine  
  22  2:14  Bunker  
  22  2:17  Marine  
  23  2:29  Orbital Command  
  23  2:34  Marine  
  23  2:35  Marine  
  23  2:36  SCV  
  26  2:50  SCV  
  27  2:52  Marine  
  27  2:53  Marine  
  29  3:00  Factory  
  29  3:02  SCV x2  
  31  3:14  SCV x2  
  31  3:18  Factory  
  33  3:24  Supply Depot  
  33  3:26  SCV  
  34  3:27  Supply Depot  
  34  3:28  SCV  
  35  3:38  SCV  
  35  3:40  SCV  
  35  3:41  Barracks Reactor  
  37  3:45  Factory Tech Lab  
  37  3:50  SCV, Barracks Reactor  
  37  3:52  SCV  
  40  4:02  SCV  
  40  4:03  Factory Tech Lab  
  40  4:04  Command Center, SCV  
  41  4:11  Siege Tank  
  41  4:15  SCV  
  41  4:16  SCV  
  46  4:22  Marine x2  
  48  4:27  SCV  
  48  4:29  Siege Tank  
  48  4:31  Marine x2  
  54  4:39  Supply Depot  
  54  4:41  Supply Depot  
  54  4:46  Marine x2, SCV x2  
  54  4:48  Marine  
  54  4:49  Marine  
  54  4:50  Bunker  
  59  5:04  Marine x2  
  59  5:06  Marine  
  59  5:07  Marine  
  52  5:15  Orbital Command  
  48  5:21  Marine x2  
  48  5:24  Siege Tank, Marine x2  
  47  5:39  Marine x2  
  46  5:43  Marine x2  
  46  5:57  Marine x2  
  46  6:02  Marine x2  
  47  6:15  Marine x2  
  41  6:22  Marine x2  
  38  6:33  Marine x2  
  37  6:41  Orbital Command x2  
  37  6:42  Siege Tank  
  38  7:09  SCV x3  
  41  7:24  Marine  
  41  7:25  Marine x2, Refinery  
  44  7:32  Refinery  
  43  7:37  Factory Tech Lab  
  43  7:42  Marine x2  
  43  7:52  Marine  
  43  7:54  SCV x3  
  47  8:00  Marine x2  
  49  8:07  Engineering Bay  
  49  8:09  Marine  
  49  8:18  Marine x2  
  48  8:22  Siege Tank  
  51  8:27  Marine  
  48  8:36  Marine x2  
  48  8:38  SCV  
  50  8:45  Marine  
  46  8:53  Marine  
  46  8:54  Marine  
  47  9:03  Marine  
  47  9:06  Siege Tank x2, SCV x2  
  56  9:11  Marine x2  
  56  9:14  Orbital Command  
  57  9:21  Marine  
  58  9:29  Marine  
  55  9:33  Refinery  
  55  9:36  Refinery  
  54  9:39  Siege Tank, Marine x2  
  54  9:41  SCV  
  54  9:42  SCV  
  61  9:50  Supply Depot  
  61  9:51  Supply Depot  
  61  9:52  Supply Depot  
  61  10:12  Siege Tank, Marine x3, SCV  
  67  10:29  Siege Tank, Marine x2  
  67  10:30  Marine  
  72  10:46  SCV x2  
  72  10:47  SCV, Marine x3  
  73  11:04  Siege Tank x2  
  68  11:05  Marine  
  71  11:11  Marine  
  71  11:14  Barracks Reactor  
  71  11:23  Marine  
  71  11:24  SCV  
  71  11:25  SCV  
  74  11:29  Marine  
  75  11:36  Cyclone x2  
  75  11:39  Factory  
  81  11:41  Marine  
  81  11:42  Command Center  
  81  11:46  SCV x3  
  85  11:56  Supply Depot x3  
  85  12:00  Marine x4  
  89  12:03  SCV  
  89  12:04  SCV x2  
  89  12:15  SCV  
  89  12:16  SCV x2  
  89  12:17  Marine x2  
  50  12:37  Cyclone x2  
  50  12:38  Factory Tech Lab, Marine x3  
  50  12:39  Marine  
  50  12:40  SCV x3  
  63  12:52  Mag-Field Accelerator  
  63  12:55  Factory  
  63  12:56  Marine x4  
  67  13:00  Planetary Fortress  
  67  13:02  Refinery  
  67  13:09  Cyclone  
  67  13:10  Cyclone x2  
  76  13:14  Marine x2  
  78  13:27  Marine x2  
  78  13:29  SCV  
  78  13:32  Marine  
  82  13:41  Cyclone, Marine  
  82  13:42  Cyclone x2  
  92  13:55  Marine x2  
  92  13:56  Marine  
  92  13:57  SCV x2  
  92  13:58  SCV  
  92  13:59  Marine  
  99  14:09  SCV  
  99  14:13  Cyclone  
  99  14:14  Cyclone  
  102  14:20  Cyclone, Marine x3  
  102  14:21  SCV  
  85  14:46  Cyclone x2  
  73  14:54  Cyclone, Marine x4  
  70  15:11  SCV x2  
  70  15:12  Marine x4  
  75  15:18  Cyclone x2  
  81  15:26  Cyclone  
  84  15:28  Missile Turret  
  84  15:30  SCV, Marine x4, Missile Turret  
  89  15:47  Marine x2  
  89  15:48  Marine x2  
  93  15:50  Cyclone x2  
  96  16:02  Factory, Armory  
  96  16:03  Factory  
  90  16:05  Marine x3  
  90  16:06  Marine  
  94  16:16  Cyclone  
  97  16:22  Cyclone x2  
  93  16:27  Marine x2  
  95  16:40  SCV x3  
  98  16:48  Cyclone  
  101  16:54  Cyclone  
  101  16:55  Command Center  
  104  17:06  Factory Tech Lab  
  104  17:07  Factory Tech Lab, Thor  
  110  17:09  Marine x3  
  110  17:10  SCV x3  
Show
View Real Time Build Order
Export as new Build Order

THEBLOB Protoss 

Build Orders:  

Get SALT Encoding   

  12  0:01  Probe  
  13  0:13  Probe  
  14  0:18  Pylon  
  14  0:25  Probe  
  15  0:37  Probe (Chrono Boost)  
  15  0:38  Gateway  
  16  0:49  Assimilator, Probe (Chrono Boost)  
  17  0:55  Probe (Chrono Boost)  
  18  0:57  Assimilator  
  18  1:06  Probe (Chrono Boost)  
  19  1:16  Assimilator  
  19  1:18  Assimilator, Probe (Chrono Boost)  
  20  1:27  Forge  
  20  1:34  Pylon  
  20  1:39  Zealot  
  22  1:59  Photon Cannon  
  22  2:06  Zealot  
  24  2:09  Cybernetics Core  
  24  2:11  Probe  
  25  2:22  Gateway  
  25  2:26  Probe  
  26  2:43  Probe  
  27  2:44  Gateway  
  27  2:45  Warp Gate (Chrono Boost)  
  27  2:50  Stalker  
  29  2:58  Pylon  
  29  3:01  Protoss Ground Weapons Level 1  
  29  3:18  Stalker  
  31  3:21  Pylon  
  31  3:25  Stalker  
  33  3:33  Stalker  
  35  3:44  Gateway  
  35  3:52  Pylon  
  35  4:10  Shield Battery  
  35  4:13  Shield Battery  
  35  4:21  Shield Battery  
  35  4:23  Stalker  
  37  4:24  Sentry x2  
  41  4:38  Stalker  
  41  4:40  Stalker  
  45  4:47  Zealot  
  45  4:50  Sentry  
  47  5:01  Stalker  
  43  5:27  Stargate  
  33  5:41  Stalker x4  
  35  6:22  Stalker x4  
  41  6:32  Void Ray (Chrono Boost)  
  41  7:04  Sentry  
  41  7:05  Nexus  
  43  7:19  Void Ray (Chrono Boost)  
  43  7:27  Probe  
  48  7:39  Probe  
  49  7:50  Pylon  
  45  7:53  Assimilator  
  45  7:54  Void Ray (Chrono Boost)  
  45  7:55  Assimilator  
  49  8:08  Pylon  
  41  8:36  Stalker x4  
  41  8:52  Probe (Chrono Boost)  
  40  9:04  Probe (Chrono Boost)  
  42  9:10  Probe (Chrono Boost)  
  42  9:16  Sentry  
  45  9:17  Probe (Chrono Boost)  
  45  9:26  Void Ray (Chrono Boost)  
  45  9:28  Probe  
  50  9:40  Probe  
  50  9:41  Probe  
  52  9:52  Probe  
  53  9:54  Probe  
  54  10:01  Void Ray (Chrono Boost)  
  54  10:04  Probe  
  54  10:06  Probe  
  52  10:12  Stargate  
  56  10:15  Protoss Air Weapons Level 1 (Chrono Boost)  
  56  10:16  Probe  
  56  10:18  Probe  
  58  10:28  Probe  
  58  10:30  Void Ray (Chrono Boost), Probe  
  60  10:36  Sentry  
  60  10:37  Zealot x2  
  60  10:40  Probe  
  67  11:02  Void Ray (Chrono Boost)  
  53  11:11  Shield Battery, Photon Cannon  
  52  11:13  Shield Battery  
  52  11:16  Pylon  
  52  11:23  Stalker x3  
  52  11:24  Stalker  
  60  11:37  Void Ray (Chrono Boost), Pylon  
  60  11:47  Sentry, Stalker  
  68  12:02  Void Ray (Chrono Boost)  
  68  12:08  Protoss Air Armor Level 1 (Chrono Boost)  
  72  12:10  Stalker x2  
  58  12:29  Pylon  
  58  12:33  Void Ray (Chrono Boost)  
  58  12:40  Nexus  
  62  12:51  Stalker x2  
  62  12:54  Probe  
  67  13:26  Probe x2  
  69  13:32  Fleet Beacon  
  69  13:35  Stargate  
  69  13:37  Protoss Shields Level 1  
  69  13:38  Probe x2, Pylon  
  71  13:42  Assimilator  
  71  13:48  Assimilator  
  71  13:50  Shield Battery  
  71  13:52  Void Ray (Chrono Boost)  
  71  13:53  Probe (Chrono Boost)  
  71  13:55  Probe x2 (Chrono Boost)  
  74  14:02  Probe (Chrono Boost)  
  79  14:16  Void Ray (Chrono Boost)  
  73  14:24  Shield Battery  
  73  14:26  Shield Battery, Sentry x2  
  73  14:27  Sentry  
  44  15:00  Void Ray  
  48  15:07  Flux Vanes  
  48  15:10  Probe (Chrono Boost)  
  48  15:13  Probe (Chrono Boost)  
  51  15:14  Probe (Chrono Boost)  
  51  15:20  Stargate  
  51  15:21  Probe (Chrono Boost)  
  53  15:24  Probe x2 (Chrono Boost)  
  53  15:25  Probe (Chrono Boost)  
  55  15:33  Probe, Stargate  
  55  15:34  Probe  
  57  15:36  Probe  
  57  15:42  Stalker x2  
  62  15:43  Stalker  
  62  15:45  Probe  
  62  15:46  Probe  
  62  15:48  Probe  
  67  15:52  Pylon  
  67  15:57  Probe  
  67  15:58  Probe  
  67  16:00  Probe  
  60  16:08  Stalker x3  
  66  16:13  Probe  
  61  16:25  Probe  
  56  16:26  Carrier (Chrono Boost)  
  55  16:38  Zealot x2  
  55  16:39  Zealot  
  61  16:42  Photon Cannon  
  65  16:55  Void Ray (Chrono Boost)  
  65  16:58  Carrier (Chrono Boost)  
  69  17:10  Probe  
  21  17:48  Probe  
  22  18:00  Probe  
Tags
 
Add a new tag
Caveats
  • Supply blocks, unpowered buildings, or Contaminate may cause inaccurate times.
  • Supply counts are checked every 10 seconds.